 Dungeon Crawl Stone Soup version 0.20-a0-1009-gc986637 (webtiles) character file.

380546 Rrauwl the Whirler (level 23, -11/152 HPs)
             Began as a Halfling Arcane Marksman on Apr 15, 2017.
             Was a High Priest of the Shining One.
             Mangled by an acid blob (29 damage)
             ... on level 3 of the Pits of Slime on Apr 16, 2017.
             The game lasted 07:21:35 (47595 turns).

Rrauwl the Whirler (Halfling Arcane Marksman)      Turns: 47595, Time: 07:21:37

Health: -11/152    AC: 17    Str: 24    XL:     23   Next: 54%
Magic:  33/33      EV: 26    Int: 14    God:    the Shining One [*****.]
Gold:   3106       SH:  0    Dex: 24    Spells: 13/32 levels left

rFire    + + .     SeeInvis +   a - +10 flail "Xiohyles" {freeze, rC+ Int+2}
rCold    + + +     Gourm    .   v - +2 buckler
rNeg     + + +     Faith    .   H - +6 chain mail of Disaster {rCorr}
rPois    +         Spirit   .   z - +2 hat {SInv}
rElec    +         Reflect  .   u - +2 cloak
rCorr    +         Harm     .   K - +2 pair of gloves
MR       +....                  L - +0 pair of boots
Stlth    ..........             F - amulet of regeneration
Regen    0.8/turn               A - ring "Qanet" {+Fly rN+ Str+7}
MPRegen  0.3/turn               e - ring "Coniluoletz" {rPois rF+ rC++ Str-4}

@: confused, mighty, agile, resistant, corroded, hasted, glowing, very quick
A: large bone plates 1, mutation resistance 1, poison resistance
}: 3/15 runes: decaying, serpentine, abyssal
a: Divine Shield, Cleansing Flame, Summon Divine Warrior, Renounce Religion,
Evoke Flight


You were on level 3 of the Pits of Slime.
You worshipped the Shining One.
The Shining One was extremely pleased with you.
You were very full.

You visited 10 branches of the dungeon, and saw 42 of its levels.
You visited the Abyss 1 time.
You visited 1 bazaar.
You also visited: Sewer and Ice Cave.

You collected 5044 gold pieces.
You spent 1938 gold pieces at shops.

Inventory:

Hand Weapons
 a - the +10 flail "Xiohyles" (weapon) {freeze, rC+ Int+2}
   (You found it on level 4 of the Dungeon)

   It has been specially enchanted to freeze those struck by it, causing extra
   injury to most foes and up to half again as much damage against particularly
   susceptible opponents.
   It can also slow down cold-blooded creatures.
   It affects your intelligence (+2).
   It protects you from cold.
 b - a +8 hunting sling of velocity
 c - the +8 whip "Snakebite" {curare, rPois}
   (You found it on level 3 of the Lair of Beasts)

   It poisons the flesh of those it strikes.
   It protects you from poison.
 E - a +9 sacred scourge of holy wrath
Missiles
 d - 254 sling bullets
Armour
 u - a +2 cloak (worn)
 v - a +2 buckler (worn)
 z - a +2 hat of see invisible (worn)
 H - the +6 chain mail of Disaster (worn) {rCorr}
   (You found it on level 3 of the Snake Pit)

   It protects you from acid and corrosion.
 K - a +2 pair of gloves (worn)
 L - a +0 pair of boots (worn)
 P - a +4 troll leather armour
Jewellery
 e - the ring "Coniluoletz" (right hand) {rPois rF+ rC++ Str-4}
   (You found it on level 4 of the Dungeon)

   [ring of poison resistance]

   It affects your strength (-4).
   It protects you from fire.
   It greatly protects you from cold.
   It protects you from poison.
 l - an uncursed ring of protection from fire
 A - the ring "Qanet" (left hand) {+Fly rN+ Str+7}
   (You bought it in a shop in a bazaar)

   [ring of flight]

   It affects your strength (+7).
   It protects you from negative energy.
   It lets you fly.
 F - an amulet of regeneration (around neck)
Wands
 f - a wand of disintegration (19/24)
 m - a wand of acid (15/15)
 t - a wand of iceblast (6/15)
 y - a wand of enslavement (11/24)
 B - a wand of flame (11/48)
 D - a wand of lightning (9/15)
 G - a wand of polymorph (10/24)
 I - a wand of confusion (29/48)
 J - a wand of clouds (6/9)
 R - a wand of digging (10/24)
 U - a wand of iceblast (6/15)
Scrolls
 g - 3 scrolls of fear
 i - 7 scrolls of identify
 k - 5 scrolls of fog
 p - 14 scrolls of teleportation
 C - 19 scrolls of remove curse
 W - 6 scrolls of blinking
Potions
 n - 4 potions of might
 q - 3 potions of haste
 r - 2 potions of agility
 S - 2 potions of cancellation
 Y - a potion of resistance
Miscellaneous
 s - 2 boxes of beasts
 T - a lamp of fire (inert)
 X - a lightning rod (4/4)
Comestibles
 j - 16 royal jellies


   Skills:
 + Level 11.5 Fighting
   Level 3.1(12.0) Axes
 - Level 16.0 Maces & Flails
 - Level 16.0 Slings
 - Level 12.0 Armour
 - Level 12.0 Dodging
 - Level 8.0 Stealth
 - Level 12.3 Shields
 - Level 5.0 Spellcasting
 - Level 7.0 Hexes
 - Level 6.0 Charms
 - Level 5.0 Summonings
 - Level 7.0 Translocations
 - Level 6.0 Fire Magic
 - Level 6.0 Ice Magic
 - Level 14.0 Invocations
 - Level 14.0 Evocations


You had 13 spell levels left.
You knew the following spells:

 Your Spells              Type           Power        Failure   Level  Hunger
a - Corona                Hex            ###....      6%          1    None
b - Portal Projectile     Hex/Tloc       ###...       17%         3    ###....
c - Recall                Summ/Tloc      N/A          24%         3    ###....
d - Summon Butterflies    Summ           ###.....     12%         1    None
e - Apportation           Tloc           ###...       6%          1    None
f - Shroud of Golubria    Chrm/Tloc      ###.......   12%         2    ##.....
g - Ozocubu's Armour      Chrm/Ice       ###.....     24%         3    ###....
h - Ensorcelled Hibernat  Hex/Ice        ###...       12%         2    ##.....
i - Inner Flame           Hex/Fire       ###.....     21%         3    ###....


Dungeon Overview and Level Annotations

Branches:
Dungeon (15/15)            Temple (1/1) D:7            Lair (6/6) D:10
  Swamp (4/4) Lair:2        Snake (4/4) Lair:2        Slime (3/5) Lair:6
    Orc (2/2) D:11            Elf (0/3) Orc:2        Vaults (2/5) D:14
  Crypt (3/3) Vaults:2       Tomb (0/3) Crypt:3      Depths (2/5) D:15

Altars:
Ashenzari
Cheibriados
Dithmenos
Elyvilon
Fedhas
Gozag
Hepliaklqana
Kikubaaqudgha
Makhleb
Nemelex Xobeh
Okawaru
Qazlal
Ru
Sif Muna
Trog
Uskayaw
Vehumet
Wu Jian
Xom
Yredelemnul
Zin
The Shining One
Beogh
Jiyva

Shops:
D:6 %   D:7 (   D:13 =   Orc:2 !}[?   Snake:3 [   Vaults:1 *

Portals:
Hell: Depths:1 Depths:2
Abyss: Depths:2
Ziggurat: Depths:1

Annotations:
Depths:2 the Enchantress


Innate Abilities, Weirdness & Mutations

You are small and have problems with some larger weapons.
You are somewhat resistant to further mutation.
You are partially covered in large bone plates. (SH +4)
Your system is resistant to poisons. (rPois)


Message History

The golden eye blinks!
Unknown command.
You sock the slime creature! You freeze the slime creature!
The slime creature is heavily wounded.
A very large slime creature splits.
The acid blob completely misses you.
Unknown command.
You bludgeon the large slime creature!! You freeze the large slime creature.
The large slime creature is lightly wounded.
The golden eye blinks at you.
You easily resist.
The slime creature barely misses you.
A slime creature comes into view.
Unknown command.
The slime creature quivers.
You sock the acid blob! You freeze the acid blob.
Your hands burn!
* * * LOW HITPOINT WARNING * * *
The acid blob is moderately wounded.
The golden eye is engulfed in blazing flames.
You kill the golden eye!
The golden eye blinks!
The acid blob hits you!!
You die...

. ........#.. ..
##.......§.... ...
......§§..#.. ....
#.....§§.....
.....#....#§§.....
#..........§§.....
.......<..§.§§..#.
.....#..GJ§§......
.#. #...#J@.G.#.
#...§§JJ.......
#..G............
#....G.G....J..J
..............#..
.............## .
.#....#.......
..............


You could see an acid blob, a large slime creature, 4 slime creatures, a shining
eye, an eye of devastation, an eye of draining and 2 golden eyes.

Vanquished Creatures
  the Lernaean hydra (Swamp:4)
  A bone dragon (Abyss:1)
  2 hellephants (Abyss:3)
  An acid blob (Slime:1)
  4 ancient champions
  Gastronok (D:10)
  2 thorn hunters
  5 frost giants
  2 revenants (Crypt:3)
  A fire giant (Depths:2)
  11 nagarajas
  2 vault wardens
  A juggernaut zombie (Crypt:2)
  A ghoul (Crypt:1)
  A ghost moth (Crypt:3)
  A draconian shifter (Abyss:3)
  A curse skull (Crypt:1)
  A draconian stormcaller (Abyss:1)
  4 ironheart preservers
  A very ugly thing (Swamp:2)
  A reaper (Crypt:1)
  5 stone giants
  A caustic shrike skeleton (Crypt:3)
  A vampire knight (Crypt:2)
  A spectral titan (Crypt:3)
  4 dire elephants (Abyss:3)
  6 eidola
  A fire dragon (Depths:2)
  3 deep elf death magi
  4 ettins
  A spectral quicksilver dragon (Crypt:3)
  3 jiangshi
  A spectral golden dragon (Crypt:3)
  4 great orbs of eyes
  23 hydras
  Josephine (Lair:5)
  Harold (Lair:2)
  3 yaktaur captains
  4 ice dragons
  2 rakshasas
  10 naga warriors
  8 vault guards (D:14)
  7 ogre magi
  A death knight (Crypt:1)
  A merfolk avatar (Lair:6)
  A spectral stone giant (Crypt:3)
  A spriggan air mage (Depths:2)
  A catoblepas (Lair:6)
  5 death yaks (Lair:6)
  The ghost of flbbrgst the Geomancer, a journeyman GrEE of Vehumet (D:10)
  13 anacondas
  10 two-headed ogres
  4 deep troll shamans
  9 centaur warriors
  6 alligators
  A spectral frost giant (Crypt:3)
  A tengu warrior (Depths:1)
  6 vampire magi
  A deep troll earth mage (Depths:1)
  13 naga sharpshooters
  2 thrashing horrors
  4 orc high priests
  4 spriggan berserkers (Depths:2)
  Sonja (D:12)
  6 spriggans
  2 spectral storm dragons (Crypt:3)
  A storm dragon zombie (Crypt:1)
  6 shock serpents
  2 soul eaters (Crypt:2)
  2 deep elf knights
  The ghost of Eptagon the Unseen, a journeyman SpEn of Gozag (IceCv)
  5 salamander mystics
  A fire crab (D:13)
  8 skeletal warriors
  A wretched star (Abyss:1)
  3 hell knights
  2 shadow wraiths
  2 unseen horrors
  2 sea snakes (Lair:6)
  A shadow dragon zombie (Abyss:1)
  5 naga ritualists
  4 flayed ghosts
  3 wizards
  A glowing orange brain (Depths:2)
  7 deep trolls
  A spectral hydra (Crypt:3)
  8 swamp dragons
  3 ironbrand convokers
  3 shambling mangroves
  7 harpies
  9 large abominations
  10 phantasmal warriors
  6 deep elf magi
  11 orc knights
  2 wolf spiders
  6 mana vipers
  40 ugly things
  2 fauns (Depths:2)
  8 salamanders
  3 manticores
  A spectral fire dragon (Crypt:3)
  3 orc sorcerers
  6 cyclopes
  A stone giant zombie (Crypt:2)
  10 naga magi
  13 elephants
  An ice statue (IceCv)
  2 water nymphs (Depths:2)
  5 guardian serpents
  25 black mambas
  A titan simulacrum (Crypt:3)
  An iron dragon skeleton (Crypt:2)
  3 smoke demons
  3 gargoyles
  2 vault sentinels (Vaults:2)
  The ghost of Uristic the Slasher, a novice HuFi (D:3)
  An eye of devastation (Slime:1)
  13 spiny frogs
  23 yaktaurs
  2 rime drakes (Lair:6)
  9 komodo dragons
  2 efreet
  6 freezing wraiths
  A redback zombie (Crypt:1)
  A komodo dragon (shapeshifter) (Vaults:2)
  A kobold demonologist (Depths:2)
  An anaconda simulacrum (Abyss:3)
  4 ancient zymes
  8 trolls
  3 tengu conjurers (Depths:2)
  A yellow draconian skeleton (Crypt:3)
  16 hornets
  A shadow dragon simulacrum (Crypt:3)
  3 tyrant leeches (Swamp:2)
  16 polar bears
  A hippogriff (shapeshifter) (Depths:1)
  4 raiju
  22 blink frogs
  12 hippogriffs
  33 slime creatures
  4 bog bodies
  2 dream sheep (D:8)
  7 flying skulls
  6 water elementals
  An air elemental (Depths:2)
  4 shadows
  3 vampires
  55 yaks
  15 wraiths
  5 wyverns
  Eustachio (D:4)
  A chaos spawn (Abyss:3)
  Grum (D:9)
  A fire bat (Abyss:1)
  4 golden eyes (Slime:3)
  5 basilisks
  25 vampire mosquitoes
  A neqoxec (Abyss:3)
  6 wargs
  Menkaure (D:4)
  40 nagas
  A spatial vortex (Abyss:3)
  An acid dragon (D:15)
  5 insubstantial wisps
  A two-headed ogre zombie (Crypt:3)
  A spectral spiny frog (Crypt:3)
  11 swamp worms
  A faun zombie (Crypt:2)
  A monstrous demonspawn zombie (Crypt:3)
  A spectral snapping turtle (Crypt:3)
  19 water moccasins
  2 porcupines (Lair:2)
  2 two-headed ogre skeletons
  Duvessa (D:4)
  40 orc warriors
  A spectral hornet (D:14)
  A deep troll skeleton (Crypt:1)
  A phantom (D:10)
  14 swamp drakes
  6 ice beasts
  19 ogres
  A black bear (D:13)
  An eye of draining (D:11)
  An ice dragon simulacrum (Crypt:3)
  A fire dragon simulacrum (Crypt:3)
  15 centaurs
  A boggart (Vaults:2)
  5 sky beasts
  5 necrophages
  20 wolves
  17 crocodiles
  6 big kobolds
  18 bullfrogs
  A gnoll sergeant (D:9)
  An earth elemental (Abyss:3)
  A hippogriff skeleton (Crypt:3)
  Dowan (D:4)
  9 small abominations
  A wyvern skeleton (D:14)
  2 scorpions
  8 killer bees (D:9)
  2 electric eels
  16 wights
  4 howler monkeys
  3 centaur zombies
  6 crimson imps
  4 hounds
  3 quasits
  6 centaur skeletons
  A basilisk zombie (Crypt:1)
  A jelly (D:11)
  18 orc priests
  3 iron imps
  29 orc wizards
  3 bullfrog skeletons
  Natasha (twice) (D:4)
  4 hell rats (Lair:3)
  4 iguanas
  10 worker ants
  A troll simulacrum (Crypt:3)
  A porcupine skeleton (Crypt:2)
  A hound zombie (Crypt:3)
  3 hound skeletons
  6 adders
  5 gnolls (D:9)
  4 river rats
  7 shadow imps
  13 white imps
  An ooze (D:3)
  An adder zombie (D:8)
  An adder skeleton (D:5)
  A halfling skeleton (Crypt:2)
  A lava snake skeleton (Crypt:1)
  A worm (D:3)
  2 dart slugs (D:1)
  5 leopard geckos
  83 orcs
  10 giant cockroaches
  4 goblins
  7 hobgoblins
  12 kobolds
  2 quokkas
  3 ball pythons
  A ball python skeleton (D:4)
  13 bats
  5 frilled lizards
  A leopard gecko skeleton (Crypt:1)
  12 rats
  A briar patch (Depths:2)
  2 bushes (D:14)
  A fungus (Lair:1)
  A plant (D:10)
  3 starspawn tentacles (Abyss:3)
1437 creatures vanquished.

Vanquished Creatures (collateral kills)
  Vashnia (Snake:2)
  Saint Roka (Depths:2)
  A bone dragon (Abyss:3)
  A lich (Depths:1)
  An ancient champion (Crypt:2)
  A tentacled starspawn (Abyss:3)
  2 thorn hunters (Depths:2)
  A nagaraja (Snake:4)
  A tengu reaver (Depths:2)
  A revenant (Crypt:1)
  A vault warden (Vaults:2)
  A frost giant (Depths:2)
  A draconian scorcher (Abyss:3)
  An orc warlord (Orc:1)
  3 ghouls
  A draconian shifter (Abyss:3)
  3 ironheart preservers
  2 vampire knights
  2 stone giants
  A deep elf annihilator (Vaults:1)
  The ghost of Deemzul the Covert, a journeyman FoFi of Okawaru (IceCv)
  A dire elephant (Abyss:3)
  A merfolk javelineer (Depths:1)
  A spectral quicksilver dragon (Crypt:3)
  2 jiangshi (Crypt:2)
  4 eidola
  2 yaktaur captains
  An ogre mage (Vaults:2)
  A great orb of eyes (Depths:2)
  A ghost crab (Swamp:2)
  8 naga warriors
  A rakshasa (Depths:1)
  2 spriggan air magi (Depths:2)
  3 ice dragons (Depths:2)
  2 anacondas (Snake:1)
  4 hydras
  A centaur warrior (Vaults:1)
  A satyr (Depths:2)
  A spectral stone giant (Crypt:3)
  A deep troll shaman (Depths:1)
  A death knight (Crypt:2)
  7 two-headed ogres
  A vampire mage (Crypt:3)
  An alligator (Swamp:3)
  A deep troll earth mage (Depths:2)
  2 spectral storm dragons (Crypt:3)
  A shock serpent (Snake:4)
  A thrashing horror (Abyss:3)
  6 naga sharpshooters
  4 hell knights (Depths:1)
  3 wretched stars (Abyss:3)
  A deep elf knight (Vaults:1)
  6 skeletal warriors
  A salamander mystic (Snake:4)
  A spectral emperor scorpion (Crypt:3)
  3 shadow wraiths
  An unseen horror (Vaults:1)
  A quicksilver dragon simulacrum (Crypt:3)
  3 flayed ghosts
  A spectral iron dragon (Crypt:3)
  5 naga ritualists
  4 deep trolls
  2 deep elf archers (Vaults:1)
  An ironbrand convoker (Vaults:1)
  3 harpies (Vaults:1)
  6 phantasmal warriors
  6 ugly things (Vaults:1)
  A necromancer (Depths:1)
  3 orc knights
  2 mana vipers
  2 salamanders
  3 orc sorcerers
  2 cyclopes
  4 fauns (Depths:2)
  A spectral ettin (Crypt:3)
  5 black mambas
  3 naga magi
  2 spiny frogs
  A shock serpent skeleton (Crypt:2)
  An orange demon (Abyss:1)
  An alligator snapping turtle skeleton (Crypt:3)
  3 ancient zymes
  5 freezing wraiths (Crypt:3)
  3 yaktaurs (Vaults:2)
  A minotaur zombie (Crypt:1)
  2 tengu conjurers (Depths:2)
  4 polar bears
  A troll (Orc:1)
  4 bog bodies
  7 hornets
  2 blink frogs (Swamp:3)
  4 tyrant leeches
  A meliai zombie (Crypt:2)
  4 raiju (Abyss:3)
  5 slime creatures (Swamp:1)
  9 flying skulls
  3 water elementals (Depths:1)
  4 large abominations
  7 wraiths
  2 air elementals (Depths:2)
  A yak (IceCv)
  A vampire (Swamp:1)
  A hungry ghost (Abyss:3)
  2 small abominations (Abyss:1)
  10 insubstantial wisps
  A neqoxec (Abyss:3)
  5 swamp worms
  8 vampire mosquitoes
  A swamp worm (shapeshifter) (Depths:1)
  17 nagas
  A spectral snapping turtle (Crypt:3)
  A swamp drake (Swamp:4)
  4 orc warriors
  A hornet zombie (Crypt:3)
  10 ogres
  2 centaurs (Vaults:1)
  A salamander zombie (Crypt:1)
  A wyvern skeleton (D:7)
  A crimson imp (Abyss:3)
  A basilisk zombie (Crypt:3)
  An orc priest (Orc:2)
  An orc wizard (Orc:2)
  A human skeleton (Crypt:3)
  An ogre skeleton (Crypt:2)
  9 orcs
  A spectral kobold (Crypt:3)
  A briar patch (Depths:2)
  A plant (Depths:2)
327 creatures vanquished.

Vanquished Creatures (others)
  A black mamba (Snake:4)
  A polar bear (Lair:6)
  A yak (D:9)
  A sky beast (D:13)
  A black bear (D:10)
  A crocodile (Lair:2)
  3 orcs (Orc:2)
  3 briar patches
  5 bushes
  26 fungi
  140 plants
  A starspawn tentacle (Abyss:3)
184 creatures vanquished.

Grand Total: 1948 creatures vanquished

Notes
Turn   | Place    | Note
-------+----------+-------------------------------------------
     0 | D:1      | Rrauwl the Halfling Arcane Marksman began the quest for the Orb.
     0 | D:1      | Reached XP level 1. HP: 12/12 MP: 2/2
   119 | D:1      | Reached skill level 1 in Fighting
   192 | D:1      | Reached XP level 2. HP: 18/18 MP: 3/3
   597 | D:1      | Reached XP level 3. HP: 23/23 MP: 4/4
  1068 | D:2      | Reached skill level 5 in Slings
  1487 | D:3      | Reached XP level 4. HP: 27/28 MP: 5/5
  1659 | D:3      | Reached XP level 5. HP: 33/33 MP: 6/6
  1741 | D:3      | Found a glowing drain.
  1769 | Sewer    | Entered a sewer
  1957 | Sewer    | Noticed a crocodile
  1977 | Sewer    | Killed a crocodile
  1977 | Sewer    | Reached skill level 1 in Axes
  1977 | Sewer    | Reached XP level 6. HP: 29/39 MP: 7/7
  2373 | D:3      | Noticed Uristic's ghost (novice HuFi)
  2399 | D:3      | Killed Uristic's ghost
  2399 | D:3      | Reached XP level 7. HP: 45/45 MP: 8/8
  2692 | D:4      | Got a clouded steel ring
  2693 | D:4      | Identified the ring "Coniluoletz" {rPois rF+ rC++ Str-4} (You found it on level 4 of the Dungeon)
  2730 | D:4      | Noticed Eustachio
  2739 | D:4      | Killed Eustachio
  2739 | D:4      | Reached skill level 1 in Stealth
  2739 | D:4      | Reached XP level 8. HP: 36/50 MP: 9/9
  2769 | D:4      | Noticed Menkaure
  2790 | D:4      | Killed Menkaure
  3114 | D:4      | Noticed Natasha
  3122 | D:4      | Killed Natasha
  3170 | D:4      | Noticed Duvessa
  3196 | D:4      | Noticed Dowan
  3202 | D:4      | Killed Duvessa
  3210 | D:4      | Killed Dowan
  3318 | D:4      | Got a dazzling flail
  3319 | D:4      | Identified the +10 flail "Xiohyles" {freeze, rC+ Int+2} (You found it on level 4 of the Dungeon)
  3460 | D:4      | Noticed Natasha
  3462 | D:4      | Killed Natasha
  3492 | D:5      | Entered Level 5 of the Dungeon
  3529 | D:5      | Reached skill level 1 in Maces & Flails
  3535 | D:5      | Gained mutation: You tend to lose your temper in combat. [mutagenic meat]
  3611 | D:5      | Reached skill level 10 in Slings
  3640 | D:5      | Reached skill level 1 in Evocations
  3640 | D:5      | Reached XP level 9. HP: 34/54 MP: 10/10
  3663 | D:5      | Got a twitching bronze ring
  3665 | D:5      | Identified the ring "Emits" {Ice Str+2} (You found it on level 5 of the Dungeon)
  4036 | D:6      | Found Unakhle's Food Boutique.
  4940 | D:7      | Reached skill level 5 in Dodging
  5522 | D:7      | Found a hide-covered altar of Uskayaw.
  5617 | D:7      | Found a staircase to the Ecumenical Temple.
  5634 | Temple   | Entered the Ecumenical Temple
  5781 | Temple   | Became a worshipper of the Shining One
  5971 | D:7      | Found Fiuw's Antique Weapon Shoppe.
  5974 | D:7      | Bought a glowing hunting sling for 135 gold pieces
  6220 | D:7      | Reached XP level 10. HP: 63/63 MP: 12/12
  6695 | D:8      | Reached skill level 1 in Invocations
  6874 | D:8      | Reached * piety under the Shining One
  6920 | D:8      | Noticed a three-headed hydra
  6928 | D:8      | Killed a three-headed hydra
  6928 | D:8      | Reached skill level 5 in Armour
  7605 | D:9      | Reached skill level 5 in Maces & Flails
  7605 | D:9      | Reached XP level 11. HP: 56/70 MP: 14/14
  7673 | D:9      | Lost mutation: You tend to lose your temper in combat. [potion of mutation]
  7673 | D:9      | Gained mutation: You are partially covered in large bone plates. (SH +4) [potion of mutation]
  7673 | D:9      | Gained mutation: Your system is resistant to poisons. (rPois) [potion of mutation]
  7928 | D:9      | Found a glowing golden altar of the Shining One.
  7940 | D:9      | Reached skill level 5 in Fighting
  8067 | D:9      | Noticed Grum
  8096 | D:9      | Killed Grum
  8348 | D:9      | Reached ** piety under the Shining One
  8833 | D:9      | Reached skill level 5 in Shields
  8849 | D:10     | Entered Level 10 of the Dungeon
  9164 | D:10     | Noticed Gastronok
  9231 | D:10     | Killed Gastronok
  9231 | D:10     | Reached skill level 5 in Invocations
  9278 | D:10     | Noticed flbbrgst's ghost (journeyman GrEE)
  9294 | D:10     | Killed flbbrgst's ghost
  9427 | D:10     | Reached XP level 12. HP: 78/78 MP: 15/15
  9432 | D:10     | Learned a level 3 spell: Portal Projectile
  9435 | D:10     | Learned a level 2 spell: Slow
  9570 | D:10     | Found a staircase to the Lair.
  9637 | Lair:1   | Entered Level 1 of the Lair of Beasts
 10670 | Lair:2   | Noticed Harold
 10699 | Lair:2   | Killed Harold
 10726 | Lair:2   | Found a staircase to the Snake Pit.
 11010 | Lair:2   | Found a staircase to the Swamp.
 11897 | Lair:3   | Reached skill level 5 in Evocations
 12221 | Lair:3   | Reached skill level 10 in Maces & Flails
 12498 | Lair:3   | Reached XP level 13. HP: 83/83 MP: 16/16
 12743 | Lair:3   | Noticed a four-headed hydra
 12755 | Lair:3   | Killed a four-headed hydra
 13309 | Lair:4   | Noticed a five-headed hydra
 13339 | Lair:4   | Killed a five-headed hydra
 13764 | Lair:4   | Reached *** piety under the Shining One
 14257 | Lair:5   | Noticed Josephine
 14286 | Lair:5   | Killed Josephine
 14902 | Lair:6   | Entered Level 6 of the Lair of Beasts
 14976 | Lair:6   | Found a staircase to the Slime Pits.
 14977 | Lair:6   | Found a viscous altar of Jiyva.
 15303 | Lair:6   | Noticed a catoblepas
 15346 | Lair:6   | Killed a catoblepas
 15439 | Lair:6   | Reached XP level 14. HP: 81/90 MP: 18/18
 15558 | Lair:6   | Reached **** piety under the Shining One
 15879 | Lair:6   | Reached skill level 10 in Armour
 17098 | D:11     | Found a frozen archway.
 17128 | IceCv    | Entered an ice cave
 17170 | IceCv    | Noticed Eptagon's ghost (journeyman SpEn)
 17199 | IceCv    | Killed Eptagon's ghost
 17288 | IceCv    | Noticed Deemzul's ghost (journeyman FoFi)
 17298 | IceCv    | Killed Deemzul's ghost
 17363 | IceCv    | Noticed a frost giant
 17441 | IceCv    | Reached XP level 15. HP: 71/94 MP: 20/20
 17451 | IceCv    | Killed a frost giant
 18345 | D:11     | Learned a level 1 spell: Summon Butterflies
 18347 | D:11     | Learned a level 1 spell: Apportation
 18367 | D:11     | Found a roughly hewn altar of Beogh.
 18367 | D:11     | Found a staircase to the Orcish Mines.
 18367 | D:11     | Reached ***** piety under the Shining One
 18640 | D:11     | Reached skill level 10 in Dodging
 18640 | D:11     | Reached skill level 1 in Translocations
 18841 | D:12     | Learned a level 2 spell: Shroud of Golubria
 18999 | D:12     | Noticed Sonja
 19011 | D:12     | Killed Sonja
 19011 | D:12     | Reached skill level 1 in Charms
 19011 | D:12     | Reached skill level 1 in Summonings
 20162 | D:13     | Found Joufiseb's Jewellery Shoppe.
 20552 | D:13     | Reached XP level 16. HP: 97/99 MP: 22/22
 20946 | D:14     | Reached skill level 5 in Translocations
 21015 | D:14     | Got a wavering golden ring
 21017 | D:14     | Identified the ring "Naox" {rPois Str+8} (You found it on level 14 of the Dungeon)
 21039 | D:14     | Reached ****** piety under the Shining One
 21292 | D:14     | Reached skill level 5 in Charms
 21799 | D:14     | Found a gate to the Vaults.
 22217 | D:15     | Entered Level 15 of the Dungeon
 22711 | D:15     | Found a staircase to the Depths.
 23595 | Lair:1   | Learned a level 3 spell: Ozocubu's Armour
 23656 | Orc:1    | Entered Level 1 of the Orcish Mines
 23945 | Orc:1    | Reached skill level 5 in Hexes
 24018 | Orc:1    | Reached skill level 1 in Ice Magic
 24018 | Orc:1    | Reached XP level 17. HP: 106/106 MP: 23/23
 24532 | Orc:2    | Entered Level 2 of the Orcish Mines
 24837 | Orc:2    | Found a staircase to the Elven Halls.
 24990 | Orc:2    | Reached skill level 5 in Stealth
 25311 | Orc:2    | Found Cytowkel's Gadget Emporium.
 25311 | Orc:2    | Found Fietoufam's Distillery.
 25313 | Orc:2    | Found Poshreug's Magic Scroll Emporium.
 25313 | Orc:2    | Found Magg's Armour Boutique.
 25324 | Orc:2    | Bought a potion of curing for 33 gold pieces
 25324 | Orc:2    | Bought a potion of haste for 110 gold pieces
 25324 | Orc:2    | Bought a potion of haste for 110 gold pieces
 25324 | Orc:2    | Bought a potion of curing for 33 gold pieces
 25324 | Orc:2    | Bought a potion of curing for 33 gold pieces
 25327 | Orc:2    | Bought a scroll of acquirement for 728 gold pieces
 25327 | Orc:2    | Bought a scroll of enchant armour for 105 gold pieces
 25329 | Orc:2    | Got a crude hat
 25340 | Orc:2    | Identified the +2 hat "Githorro" {rPois Slay+2} (You acquired it on level 2 of the Orcish Mines)
 25423 | Orc:2    | Found a flickering gateway to a bazaar.
 25433 | Bazaar   | Entered a bazaar
 25433 | Bazaar   | Found Oteaniox's Jewellery Shop.
 25448 | Bazaar   | Found Quhaky's Assorted Antiques.
 25457 | Bazaar   | Found Lueciva's Antique Weapon Emporium.
 25493 | Bazaar   | Found Jahaozuh's Book Emporium.
 25515 | Bazaar   | Bought the ring "Qanet" {+Fly rN+ Str+7} for 651 gold pieces
 25777 | Snake:1  | Entered Level 1 of the Snake Pit
 27087 | Snake:2  | Noticed Vashnia
 27289 | Snake:2  | Killed Vashnia
 27711 | Snake:2  | Identified the Reference Book on Lightness
 28246 | Snake:2  | Reached XP level 18. HP: 94/119 MP: 24/24
 28776 | Depths:1 | Entered Level 1 of the Depths
 29340 | Depths:1 | Reached skill level 10 in Fighting
 29676 | Depths:1 | Found a gateway to Hell.
 29911 | Depths:1 | Reached skill level 10 in Shields
 30289 | Depths:1 | Reached skill level 10 in Invocations
 30289 | Depths:1 | Reached skill level 10 in Evocations
 30424 | Depths:1 | Found a gateway to a ziggurat.
 30425 | Depths:1 | Noticed a lich
 30472 | Depths:1 | Killed a lich
 30725 | Depths:2 | Paralysed by a great orb of eyes for 3 turns
 31322 | Depths:2 | Reached XP level 19. HP: 55/125 MP: 23/27
 31607 | Depths:2 | Found a one-way gate to the infinite horrors of the Abyss.
 31620 | Depths:2 | Voluntarily entered the Abyss.
 31970 | Abyss:1  | Noticed a bone dragon
 32005 | Abyss:1  | Killed a bone dragon
 32236 | Abyss:3  | Found a corrupted altar of Lugonu.
 32356 | Abyss:3  | Noticed a hellephant
 32410 | Abyss:3  | Killed a hellephant
 32494 | Abyss:3  | Noticed a hellephant
 32594 | Abyss:3  | HP: 1/126 [raiju/living lightning (7)]
 32603 | Abyss:3  | HP: 2/126 [raiju/living lightning (23)]
 32671 | Abyss:3  | Noticed a bone dragon
 32681 | Abyss:3  | Killed a hellephant
 32694 | Abyss:3  | Killed a bone dragon
 32719 | Abyss:3  | Found a corrupted altar of Lugonu.
 32725 | Abyss:3  | Got an abyssal rune of Zot
 32922 | Depths:2 | Escaped the Abyss
 33117 | Depths:2 | Noticed Saint Roka
 33130 | Depths:2 | Killed Saint Roka
 33502 | Depths:2 | Reached XP level 20. HP: 115/132 MP: 8/30
 33522 | Depths:2 | Noticed the Enchantress
 34131 | Swamp:1  | Entered Level 1 of the Swamp
 35007 | Swamp:2  | Reached skill level 5 in Ice Magic
 36780 | Swamp:4  | Entered Level 4 of the Swamp
 37018 | Swamp:4  | Identified a +7 sacred scourge of holy wrath (a +5 demon whip of flaming blessed by the Shining One)
 37018 | Swamp:4  | Received a gift from the Shining One
 37342 | Swamp:4  | Noticed the 27-headed Lernaean hydra
 37384 | Swamp:4  | Killed the 27-headed Lernaean hydra
 37563 | Swamp:4  | Got a decaying rune of Zot
 37933 | Vaults:1 | Entered Level 1 of the Vaults
 38002 | Vaults:1 | Found Girphez's Assorted Antiques.
 38089 | Vaults:1 | Reached XP level 21. HP: 114/140 MP: 31/31
 38663 | Vaults:1 | Reached skill level 15 in Maces & Flails
 38753 | Vaults:1 | Got a steaming chain mail
 38764 | Vaults:1 | Identified the +2 chain mail "Foxziceg" {SInv} (You found it on level 1 of the Vaults)
 39475 | Vaults:2 | Reached skill level 15 in Slings
 40249 | Vaults:2 | Found a staircase to the Crypt.
 40249 | Vaults:2 | Found an ancient bone altar of Kikubaaqudgha.
 40250 | Vaults:2 | Found a basalt altar of Yredelemnul.
 40273 | Crypt:1  | Entered Level 1 of the Crypt
 41205 | Crypt:2  | Reached XP level 22. HP: 137/146 MP: 32/32
 41829 | Crypt:3  | Entered Level 3 of the Crypt
 42033 | Crypt:3  | Reached skill level 5 in Spellcasting
 42969 | Crypt:3  | Got a scintillating platinum ring
 42971 | Crypt:3  | Identified the ring "Peisyn" {Ice +Inv Str+2 Int+2} (You found it on level 3 of the Crypt)
 42978 | Crypt:3  | Got a slimy mace
 42979 | Crypt:3  | Identified the +9 mace "Vebonwus" {protect, MP-9 Int+5} (You found it on level 3 of the Crypt)
 42982 | Crypt:3  | Identified Wuetox's Reference Book on Ghastly Clay
 42998 | Crypt:3  | Identified the Handbook of Combat Magic and Talismans
 43002 | Crypt:3  | Identified the Compendium of Hexes
 43247 | Crypt:3  | Found a staircase to the Tomb.
 43622 | Lair:1   | Learned a level 3 spell: Recall
 43625 | Lair:1   | Learned a level 2 spell: Ensorcelled Hibernation
 43629 | Lair:1   | Learned a level 3 spell: Inner Flame
 43972 | Snake:3  | Reached skill level 1 in Fire Magic
 44078 | Snake:3  | Got a dazzling chain mail
 44089 | Snake:3  | Identified the +6 chain mail of Disaster {rCorr} (You found it on level 3 of the Snake Pit)
 44121 | Snake:3  | Found a basalt altar of Yredelemnul.
 44273 | Snake:3  | Found Ethroczuts's Armour Boutique.
 44326 | Snake:4  | Entered Level 4 of the Snake Pit
 44937 | Snake:4  | Got a shimmering scarf
 44948 | Snake:4  | Identified the scarf of Analysis {-Cast rF+ Regen+ Int+4} (You acquired it on level 4 of the Snake Pit)
 45063 | Snake:4  | Reached XP level 23. HP: 152/152 MP: 33/33
 45927 | Snake:4  | Reached skill level 5 in Fire Magic
 46627 | Snake:4  | Reached skill level 5 in Summonings
 46805 | Snake:4  | Got a serpentine rune of Zot
 47307 | Slime:1  | Entered Level 1 of the Pits of Slime
 47595 | Slime:3  | Mangled by an acid blob

Vault maps used:
D:1:      lightli_arrival_isolated_outpost, minmay_misc_feat_chi, fountainhead,
          hangedman_abyss_or_decor_lesser_grid
D:3:      portal_sewer_entry_a, first_bread
D:4:      uniq_duvessa, uniq_eustachio, uniq_menkaure, uniq_natasha
D:6:      serial_shops, shop
D:7:      kennysheep_mini, minmay_temple_entry_glassed_door, serial_shops,
          nicolae_shop_behind_doors, corner_web_ring
D:8:      hangedman_ranch, minmay_misc_feat_diagonals
D:9:      tso_metal_star, uniq_grum
D:10:     dpeg_oklobed_lair, uniq_gastronok
D:11:     david_orc_5, portal_ice_cave_entry_imps
D:12:     minmay_blocking_statues, uniq_sonja
D:13:     minmay_cut_squares, serial_shops, shop
D:14:     erik_vaults_2, serial_park_gazebo, serial_park_tiny_2,
          minmay_strange_pillars, hangedman_weighted_door,
          kennysheep_small_circle
D:15:     hangedman_depths_entry_civil_slaughter, minmay_door_square
Temple:   kilobyte_greek_temple
Lair:2:   minmay_swamp_entry_reptiles, guppyfry_snake_entry_island,
          minmay_hedge_maze, lemuel_fruit_tree, uniq_harold
Lair:3:   minmay_guarded_unrand_snakebite, kennysheep_abandoned_house
Lair:4:   minivault_25, hangedman_lair_unloving_vines, serial_bayou_shore_a
Lair:5:   uniq_josephine
Lair:6:   gammafunk_lair_ancient_temple, slime_altar_1,
          grunt_forest_small_clearing_treed
Swamp:1:  evilmike_swamp_ruin_rubble_1, swamp_pool3,
          cheibrodos_swamp_pet_leeches, infiniplex_staircase_pool_2
Swamp:2:  nicolae_swamp_treefoil
Swamp:3:  serial_swamp_ruin, hangedman_swamp_ruin_wall,
          evilmike_swamp_ruin_house_5, evilmike_swamp_ruin_house_1
Swamp:4:  swamp_old_school, swamp_pool4
Snake:2:  uniq_vashnia
Snake:3:  serial_shops, shop, basic_altar
Snake:4:  johnstein_snake_rune_scales, grunt_megastairs_1
Orc:1:    guppyfry_library_mini
Orc:2:    grunt_orc_tribal_feast, serial_shops, bzr_firewalk
Vaults:1: hangedman_vaults_stitches, hangedman_vaults_restitches, v_misc_8,
          nicolae_vaults_little_squares_2, nicolae_vaults_network_quincunx,
          vaults_room_octagon, st_cross, ontoclasm_vaults_chip,
          nicolae_vaults_rhombus_5, hangedman_vaults_slice, serial_shops, shop
Vaults:2: minmay_crypt_entry_necro_gods, v_rooms_1, ontoclasm_vaults_fault,
          v_misc_9, vaults_dpeg_cross, nicolae_vaults_gold_heap,
          hangedman_vaults_slither, nicolae_vaults_ring_of_whatevers,
          nicolae_vaults_yaktaur_gun_rack, st_spiral_rooms,
          nicolae_vaults_little_squares_1, uniq_donald
Crypt:1:  grunt_crypt_arrival_split
Crypt:2:  serial_sigils_hangedman_confine, grunt_ministairs_11, st_stairs_9
Crypt:3:  due_elkab, st_stairs_12
Depths:1: enter_ziggurat_d, grunt_hell_entry_dis_grunt, serial_bayou_pond_b,
          kennysheep_four_rooms
Depths:2: grunt_forest_end_winery, hell_entry, marbit_kobold_abyss_entry,
          minmay_staircase_bubble, uniq_saint_roka
Abyss:2:  hangedman_abyss_or_decor_stagger
Bazaar:   bazaar_kb_twisted_cavern
Sewer:    sewer_big_baddie
IceCv:    ice_cave_small_giant

Skill      XL: |  1  2  3  4  5  6  7  8  9 10 11 12 13 14 15 16 17 18 19 20 21 22 23 |
---------------+----------------------------------------------------------------------+-----
Fighting       | 1 2 3 4 5 6 9 10 11 | 11.5
Slings         | 4 5 6 8 10 11 12 16 | 16.0
Axes           | 1 3 |  3.1
Armour         | 2 3 5 6 7 8 10 12 | 12.0
Shields        | 2 3 4 5 6 7 9 10 12 | 12.3
Hexes          | 3 5 7 |  7.0
Stealth        | 1 2 3 7 8 |  8.0
Dodging        | 4 5 6 7 8 9 10 11 12 | 12.0
Maces & Flails | 1 3 5 6 10 12 13 14 15 16 | 16.0
Evocations     | 1 3 4 5 6 7 8 10 11 12 14 | 14.0
Invocations    | 3 5 6 8 10 13 14 | 14.0
Spellcasting   | 2 4 5 |  5.0
Translocations | 4 7 |  7.0
Charms         | 4 6 |  6.0
Summonings     | 3 4 5 |  5.0
Ice Magic      | 1 3 6 |  6.0
Fire Magic     | 3 6 |  6.0

Action                   |  1- 3 |  4- 6 |  7- 9 | 10-12 | 13-15 | 16-18 | 19-21 | 22-24 || total
-------------------------+-------+-------+-------+-------+-------+-------+-------+-------++-------
Melee: Hand axe          |       |    23 |    44 |       |       |       |       |       ||    67
       Flail             |       |       |   131 |   355 |   480 |  1161 |  1281 |   126 ||  3534
       Whip              |       |       |       |       |   474 |    94 |       |   348 ||   916
       Sacred scourge    |       |       |       |       |       |       |   300 |   409 ||   709
 Fire: Hunting sling     |   120 |   130 |   132 |   283 |   594 |   383 |    65 |   222 ||  1929
 Cast: Corona            |       |       |     1 |       |     4 |       |     1 |       ||     6
       Shroud of Golubri |       |       |       |       |       |    34 |    17 |     4 ||    55
       Summon Butterflie |       |       |       |       |       |     6 |     1 |       ||     7
       Ozocubu's Armour  |       |       |       |       |       |       |    18 |     6 ||    24
       Recall            |       |       |       |       |       |       |       |     2 ||     2
Invok: Divine Shield     |       |       |       |     2 |     9 |    10 |     8 |       ||    29
       Summon Divine War |       |       |       |       |       |    15 |    28 |    11 ||    54
       Cleansing Flame   |       |       |       |       |       |       |     1 |       ||     1
       Brand Weapon With |       |       |       |       |       |       |     1 |       ||     1
 Abil: Evoke Flight      |       |       |       |       |       |       |     7 |     1 ||     8
Evoke: Wand              |       |       |     1 |    13 |    15 |    19 |    29 |    12 ||    89
       Box of beasts     |       |       |       |       |     2 |     3 |       |       ||     5
       Lightning rod     |       |       |       |       |       |     4 |     4 |       ||     8
       Lamp of fire      |       |       |       |       |       |     4 |     1 |     1 ||     6
  Use: Potion            |       |     5 |     7 |     3 |     5 |    13 |    20 |    12 ||    65
       Scroll            |       |       |    13 |     8 |     8 |    15 |    22 |    13 ||    79
 Stab: Sleeping          |       |       |     3 |       |       |       |       |       ||     3
  Eat: Chunk             |     2 |     2 |    15 |    12 |    16 |    21 |     9 |     1 ||    78
       Fruit             |       |       |     1 |     4 |     6 |     4 |    12 |     5 ||    32
       Royal jelly       |       |       |     2 |       |     2 |     3 |       |       ||     7
       Meat ration       |       |       |       |     1 |       |       |     4 |     2 ||     7
       Bread ration      |       |       |       |       |       |     2 |     4 |     2 ||     8
Armor: Robe              |    10 |     3 |       |       |       |       |       |       ||    13
       Skin              |       |    44 |       |     2 |       |    12 |       |       ||    58
       Ring mail         |       |     1 |     7 |    13 |    97 |    87 |    42 |       ||   247
       Leather armour    |       |       |    25 |    17 |       |       |       |       ||    42
       Troll leather arm |       |       |       |       |       |       |   146 |    91 ||   237
       Chain mail        |       |       |       |       |       |       |       |    24 ||    24
Dodge: Dodged            |    36 |    63 |   134 |   157 |   330 |   539 |   890 |   333 ||  2482
Block: Buckler           |       |     2 |    48 |   138 |   381 |   519 |   812 |   333 ||  2233
